Cogmind - Beta 13 @@@ ROGUE MODE // 2024.04.11 @ 15:04:15 Player: Conlarando Result: Destroyed by Y-45 Defender with Beam Rifle Performance ------------- Evolutions (0) 0 Regions Visited (2) 400 Robots Destroyed (32) 160 Value Destroyed (592) 592 Prototype IDs (2) 40 Alien Tech Used (0) 0 Bonus (0) 0 TOTAL SCORE: 1192 Bonus ------- None Cogmind --------- Core Integrity 0/250 Matter 270/300 Energy 77/100 System Corruption 0% Temperature Cool (21) Movement Core (400) Ox7 Location -10/Mines Parts ------- > --- POWER (1) -------- (None) > --- PROPULSION (2) --- (None) > --- UTILITY (2) ------ Large Storage Unit Signal Interpreter > --- WEAPON (2) ------- EM Pulse Gun Light Assault Rifle > --- INVENTORY (15) --- Ion Engine Light Ion Engine Flight Unit Flight Unit Flight Unit Heat Sink Small Storage Unit Medium Storage Unit ECM Suite ECM Suite Hacking Suite Assault Rifle Light Assault Rifle Light Assault Rifle Peak State ------------ > --- POWER ------------ Ion Engine > --- PROPULSION ------- Light Treads Light Treads > --- UTILITY ---------- Medium Storage Unit Signal Interpreter > --- WEAPON ----------- EM Pulse Gun Assault Rifle > --- INVENTORY -------- Ion Engine Light Ion Engine Wheel Flight Unit Flight Unit Flight Unit Small Storage Unit EM Pulse Gun Light Assault Rifle Grenade Launcher [Rating: 8] Favorites ----------- Power Ion Engine Engine Ion Engine Propulsion Light Treads Treads Light Treads Wheel Wheel Hover Unit Hover Unit Utility Signal Interpreter Storage Large Storage Unit Processor Signal Interpreter Weapon Light Assault Rifle Energy Gun EM Pulse Gun Energy Cannon Beam Cannon Ballistic Gun Light Assault Rifle Launcher Grenade Launcher Build | -11 -10 -10 ------- Run | Yrd Mat Min Slots Evolved . | . . . Power . | . . . Propulsion . | . . . Utility . | . . . Weapon . | . . . Parts Attached 36 | 6 28 2 Power 3 | 1 2 . Engine 3 | 1 2 . Core . | . . . Reactor . | . . . Propulsion 14 | 2 12 . Treads 6 | 2 4 . Leg . | . . . Wheel 6 | . 6 . Hover 2 | . 2 . Flight . | . . . Utility 5 | 1 4 . Device . | . . . Storage 4 | 1 3 . Processor 1 | . 1 . Hackware . | . . . Protection . | . . . Artifact . | . . . Weapon 14 | 2 10 2 Energy Gun 3 | 1 1 1 Energy Cannon 2 | . 2 . Ballistic Gun 7 | 1 6 . Ballistic Cannon . | . . . Launcher 2 | . 1 1 Special Weapon . | . . . Impact Weapon . | . . . Slashing Weapon . | . . . Piercing Weapon . | . . . Special Melee Weapon . | . . . Unidentified Prototypes . | . . . Parts Lost 12 | . 8 4 Power 3 | . 2 1 Propulsion 6 | . 4 2 Utility . | . . . Weapon 3 | . 2 1 Highest Loss Streak 8 | . 8 4 To Critical Strikes . | . . . Average Slot Usage (%) 95 | . 95 97 Engine 13 | . 13 13 Treads 14 | . 18 . Wheel 12 | . 8 26 Storage 13 | . 13 14 Processor 12 | . 12 14 Energy Gun 4 | . 5 . Energy Cannon 5 | . 7 . Ballistic Gun 16 | . 13 26 Naked Turns . | . . . Heaviest Build 31 | 14 31 29 Greatest Support 40 | 40 40 20 Greatest Overweight (x) 9 | 1 9 2 Average Overweight (x) . | . . 1 Largest Inventory Capacity 15 | 8 15 15 Average Capacity 13 | 7 13 15 Most Carried 15 | 3 15 15 Average Carried 11 | 1 11 14 Final Capacity 15 | 8 15 15 Final Carried 15 | 3 15 14 Class Distribution -------------------- 57% | Mutant 42% | Scavenger-Mutant Dominant Class ---------------- Mutant | -10/Materials Scavenger-Mutant | -10/Mines Resources | -11 -10 -10 ----------- Run | Yrd Mat Min Matter Collected 655 | 161 477 17 Remotely . | . . . Salvage Created 1009 | . 948 61 Parts 62 | . 57 5 Haulers Intercepted 1 | . 1 . Recyclers Shooed 2 | . 2 . Parts Field Recycled . | . . . Retrieved Matter . | . . . Parts Self-Destructed . | . . . Prevented . | . . . Kills | -11 -10 -10 ------- Run | Yrd Mat Min Combat Hostiles Destroyed 20 | . 19 1 Guns 12 | . 11 1 Cannons 6 | . 6 . AOE 2 | . 2 . Classes Destroyed 9 | . 8 1 Worker 2 | . 1 1 Builder 1 | . 1 . Hauler 1 | . 1 . Recycler 4 | . 4 . Operator 2 | . 2 . Watcher 2 | . 2 . Swarmer 9 | . 9 . Grunt 10 | . 10 . Sentry 1 | . . 1 Best Kill Streak 10 | . 10 2 Combat Bots Only 7 | . 7 1 Max Kills in Single Turn 2 | . 2 1 Gunslinging . | . . . Exploded 2 | . 2 . Melee . | . . . Uniques/NPCs Destroyed . | . . . Combat | -11 -10 -10 -------- Run | Yrd Mat Min Hostile Shots Fired 186 | . 159 27 Missed 42 | . 34 8 Damage Taken 1531 | . 1218 313 Core 263 | . 232 31 Absorbed by Shields . | . . . Regen/Repaired (Parts) 273 | . 273 . Core Remaining (%) 100 | 100 . . Volleys Fired 80 | . 74 6 Largest 2 | . 2 2 Hottest 120 | . 120 60 Shots Fired 154 | . 142 12 Gun 102 | . 92 10 Cannon 45 | . 45 . Launcher 7 | . 5 2 Special . | . . . Kinetic 71 | . 65 6 Thermal 45 | . 45 . Explosive 7 | . 5 2 Electromagnetic 31 | . 27 4 Robot Hit Streak 9 | . 9 9 Robot Miss Streak 6 | . 6 1 Penetration Max . | . . . Secondary Targets 1 | . . 1 Max Gunslinging Chain 1 | . . 1 Shots Hit Robots 84 | . 77 7 Core Hits 47 | . 41 6 Critical Kills . | . . . Critical Parts Destroyed . | . . . Critical Strikes . | . . . Melee Attacks . | . . . Impact . | . . . Slashing . | . . . Piercing . | . . . Sneak Attacks . | . . . Combat Hostiles . | . . . Follow-up Attacks . | . . . Damage Inflicted 1516 | . 1343 173 Guns 628 | . 562 66 Cannons 436 | . 436 . Explosions 450 | . 345 105 Melee . | . . . Ramming 2 | . . 2 Kinetic 370 | . 348 22 Thermal 513 | . 513 . Explosive 373 | . 268 105 Electromagnetic 258 | . 214 44 Impact . | . . . Slashing . | . . . Piercing . | . . . Highest Corruption . | . . . Average Corruption . | . . . Corruption Purged . | . . . Corruption Blocked . | . . . Overload Shots . | . . . Overflow Damage 4 | . 4 . Projectiles . | . . . Explosions 4 | . 4 . Melee . | . . . Knockbacks 1 | . . 1 Impact 1 | . . 1 Kinetic . | . . . Secondary . | . . . Self-Inflicted Damage 65 | . 35 30 Shots 2 | . 1 1 Rammed 1 | . . 1 Targets Rammed 1 | . . 1 Kicked . | . . . Crushed . | . . . Highest Temperature 632 | . 632 47 Average Temperature 158 | . 168 19 Received Heat Transfer 447 | . 348 99 Effects 12 | . 12 . Shutdowns 2 | . 2 . Energy Bleed 1 | . 1 . Interference 3 | . 3 . Short Circuit 1 | . 1 . Damage (minor) 2 | . 2 . Damage (major) 3 | . 3 . Siege Activations . | . . . Robots Corrupted . | . . . Combat Hostiles . | . . . Parts Fried . | . . . Impact Corruptions . | . . . Robots Melted . | . . . Combat Hostiles . | . . . Parts Melted . | . . . Heat Transferred 1025 | . 1025 . Parts Sabotaged . | . . . Parts Stolen . | . . . Parts Stripped . | . . . Power Chain Reactions 2 | . 2 . Alert | -11 -10 -10 ------- Run | Yrd Mat Min Peak Influence 257 | . 257 79 Initial 43 | . . 43 Average 113 | . 132 44 Maximum Alert Level 1 | . 1 . Low Security (%) 92 | 100 90 100 Level 1 7 | . 9 . Level 2 . | . . . Level 3 . | . . . Level 4 . | . . . Level 5 . | . . . High Security . | . . . Max Security . | . . . Squads Dispatched 5 | . 5 . Investigation 3 | . 3 . Extermination . | . . . Reinforcement 2 | . 2 . Assault . | . . . Garrison . | . . . Intercept . | . . . Searches Triggered . | . . . Construction Impeded . | . . . Haulers Reinforced . | . . . Active Scanning Responses . | . . . Cargo Convoy Interrupts . | . . . Stealth | -11 -10 -10 --------- Run | Yrd Mat Min Distress Signals 1 | . 1 . Communications Jammed . | . . . Distress Signals . | . . . Times Spotted 36 | . 34 2 Peak Tracking Total 7 | . 7 2 Tactical Retreats 1 | . 1 . Traps | -11 -10 -10 ------- Run | Yrd Mat Min Traps Triggered 4 | . 4 . Indirectly . | . . . Trap Hack Attempts . | . . . Triggered . | . . . Disarmed . | . . . Reprogrammed . | . . . Reused . | . . . Traps Extracted . | . . . Installed . | . . . Triggered . | . . . Machines | -11 -10 -10 ---------- Run | Yrd Mat Min Machines Disabled 3 | . 3 . Max in Single Turn 1 | . 1 . Machines Repaired . | . . . Machines Dismantled . | . . . Machines Sabotaged . | . . . Overloaded Fab Kills . | . . . Hacking | -11 -10 -10 --------- Run | Yrd Mat Min Machines Accessed 7 | . 7 . Terminals 4 | . 4 . Fabricators . | . . . Repair Stations 1 | . 1 . Recycling Units 2 | . 2 . Scanalyzers . | . . . Garrison Access . | . . . Total Hacks 24 | . 24 . Successful 12 | . 12 . Failed 12 | . 12 . Catastrophic 3 | . 3 . Database Lockouts . | . . . Manual 10 | . 10 . Terminals 15 | . 15 . Fabricators . | . . . Repair Stations 7 | . 7 . Recycling Units 2 | . 2 . Scanalyzers . | . . . Garrison Access . | . . . Terminal Hacks 4 | . 4 . Part Schematic 1 | . 1 . Prototype ID Bank 1 | . 1 . Locate Traps 1 | . 1 . Zone Layout 1 | . 1 . Fabricator Hacks . | . . . Repair Station Hacks 6 | . 6 . Scan Component 3 | . 3 . Repair 3 | . 3 . Recycling Unit Hacks 2 | . 2 . Retrieve Components 2 | . 2 . Scanalyzer . | . . . Garrison Access Hacks . | . . . Unauthorized Hacks . | . . . Terminals . | . . . Fabricators . | . . . Repair Stations . | . . . Recycling Units . | . . . Scanalyzers . | . . . Garrison Access . | . . . Data Cores Recovered . | . . . Used . | . . . Hacking Detections 6 | . 6 . Full Trace Events 1 | . 1 . Feedback Events . | . . . Feedback Blocked . | . . . Robot Schematics Acquired . | . . . Robots Built . | . . . Authchips . | . . . Time . | . . . Total Robot Build Rating . | . . . Part Schematics Acquired 1 | . 1 . Parts Built . | . . . Authchips . | . . . Time . | . . . Total Part Build Rating . | . . . Parts Repaired 3 | . 3 . Time 78 | . 78 . Parts Recycled . | . . . Recycled Matter . | . . . Retrieved Matter . | . . . Retrieved Components 20 | . 20 . Parts Scanalyzed . | . . . Part Schematics Acquired . | . . . Parts Damaged . | . . . Bothacking | -11 -10 -10 ------------ Run | Yrd Mat Min Used RIF Installer . | . . . Robots Hacked . | . . . Non-combat . | . . . Combat . | . . . Robot Hacks Applied . | . . . Relay Couplers Released . | . . . Fabnet Peak Effective % . | . . . Robots Rewired . | . . . Allies Hacked . | . . . Hacks Repelled . | . . . Allies | -11 -10 -10 -------- Run | Yrd Mat Min Total Allies 1 | . . 1 Largest Group 1 | . . 1 Highest-Rated Group 31 | . . 31 Highest-Rated Ally 31 | . . 31 Total Orders . | . . . Ally Attacks . | . . . Total Damage . | . . . Kills . | . . . Allies Corrupted . | . . . Allies Melted . | . . . Intel | -11 -10 -10 ------- Run | Yrd Mat Min Robot Analysis Total . | . . . Derelict Logs Recovered . | . . . Drone Launches . | . . . Drone Recoveries . | . . . Exploration | -11 -10 -10 ------------- Run | Yrd Mat Min Turns Passed 2024 | 60 1602 362 Spaces Moved 1178 | 36 832 310 Core 17 | 8 9 . Treads 509 | 28 481 . Legs . | . . . Wheels 650 | . 340 310 Hover 2 | . 2 . Flight . | . . . Fastest Speed 50 | 50 95 95 Average Speed 125 | 136 136 95 Slowest Speed 500 | 160 500 110 Overloaded Moves . | . . . Propulsion Burnouts . | . . . Robots Hopped . | . . . Cave-ins Triggered . | . . . Exploration Rate (%) 50 | 3 89 58 Regions Visited 2 Branch Regions 1 Pre-discovered Areas . | . . . Known Exits Taken 1 | . 1 . Unknown Exits Taken 1 | 1 . . Scrap Searched 1 | . . 1 Spaces Dug . | . . . Terrain Destroyed 35 | . 19 16 Melee . | . . . Projectile . | . . . AOE 35 | . 19 16 Terrain Rammed . | . . . Walls Destroyed . | . . . Machines Disabled . | . . . Actions | -11 -10 -10 --------- Run | Yrd Mat Min Total 1569 | 44 1158 367 Wait 232 | . 184 48 Move 1176 | 35 831 310 Hop . | . . . Pick Up 32 | 3 29 . Fast Attach 26 | 6 20 . Attach 5 | . 4 1 Detach 1 | . 1 . Swap 5 | . 4 1 Drop 11 | . 11 . Fire 80 | . 74 6 Melee . | . . . Ram 1 | . . 1 Kick . | . . . Crush . | . . . Escape Stasis . | . . . Rewire . | . . . Trap . | . . . Miscellaneous . | . . . Route ------- -11/Scrapyard -10/Materials (discovered 3 exits: *Mat / *Min x2) -10/Mines (discovered 1 exit: *Mat) History --------- Turn | Location | Event 37 | -11/Scrapyard | Discovered new exit (range 12) 61 | -11/Scrapyard | Entered Materials 233 | -10/Materials | Discovered new exit (range 15) 260 | -10/Materials | Identified exit to Mines 318 | -10/Materials | Build established: Mutant 573 | -10/Materials | Discovered exit to Mines (range 11) 741 | -10/Materials | Discovered new exit (range 16) 877 | -10/Materials | Identified exit to Materials 1081 | -10/Materials | Core integrity fell below 50% 1100 | -10/Materials | Core integrity fell below 20% 1137 | -10/Materials | Destroyed 7 combat bots 1146 | -10/Materials | Lost 8 parts (2p4n2w) 1305 | -10/Materials | Repaired Lrg. Storage Unit 1354 | -10/Materials | Repaired Lgt. Assault Rifle 1381 | -10/Materials | Repaired Lgt. Assault Rifle 1464 | -10/Materials | Build established: Scavenger-Mutant 1663 | -10/Materials | Entered Mines 1666 | -10/Mines | Received a Mining Laser from a helpful Derelict 1724 | -10/Mines | Discovered exit to Materials (range 9) 2025 | -10/Mines | Destroyed by Y-45 Defender with Beam Rifle Last Messages --------------- 01903_ T-07 Excavator is excavating. 01906_ K-01 Serf collects debris. 01909_ T-07 Excavator is excavating. 01912_ K-01 Serf collects debris. 01933_ FM-86O(g): "You look like you can take it from here!" 01933_ FM-86O(g) slips back into the shadows. 01956_ Slammed into K-01 Serf. 01956_ K-01 Serf knocked back. 01982_ K-01 Serf collects debris. 02003_ K-01 Serf destroyed. 02005_ Grenade Launcher destroyed. 02006_ Ion Engine destroyed. 02008_ Wheel destroyed. 02013_ The unstable cave ceiling collapses. 02015_ Wheel destroyed. 02018_ Critical hit (Burn: +37). 02021_ Y-45 Defender destroyed. 02021_ Switching to secondary target: Y-45 Defender. Map ----- +----------------------------------------------------+ | ????????????????????????????????????????##### | | ????????????????????????????????????????????## | | ????????????????????????????????????????????## | | ???????????????????????????????????????????## | | ??????????????????????????????????????????## # | | ?????????????????????????????????????????## ## | | ????????????????????????????????????????## #? | | ????????????????????????????????????????# ## | | ????????????????????????????????????##### # | | ????????????????????????????????????# # | | ????????????????????????????????????# ### # | | ????????????????????????????????????????## ## | | ??????????????? ??? ?????????????????????### ##? | | ???????????????# ???????????????????????# ##?? | | ???????????????? ???????????????????????# #??? | | ???????????????? ??????????????????????# #??? | | ????????????????? ??????????????????????# #??? | | ????????????????? ??????????????????????# #?## | | ?????????????????? ??????????????????????# ### | | ??????????????????# ??????????????????????# ## | | ??????????????????# ??????????????????????# | | ???????????####???# ??????????????????????# | | ??????????## ##??# ###??????????????????## | | ??????###?# #??# #???????????######## | | ?????##!!## #??# ############# | | ?????#"!! # #???## Y @ ###### | | ?????# / #???##*% ##############????## | | ?????# / #???# #??????????????????## | | ?????#"!! # #??## #???????????????????## | | ?????##[??# ### #???????????????????### | | ??????????### # #?????????????????????## | | ????????????# =% #####??????????????????????## | | ????????????## * ##???????????????????????????# | | ?????????????#### #????????????????????????????? | | ????????????????###??????????????????????????????? | | ?????????????????????????????????????????????????? | | | | | | | | | | | | | | | | | | | | | | | | | | | | | +----------------------------------------------------+ Best States ------------- Heat Dissipation 25 Energy Generation 10 Energy Capacity 250 Matter Stores 300 Matter Capacity 300 Sight Range 16 Terrain Scan Density 10 Evasion (%) 44 Recoil Reduction 2 Item Schematics ----------------- ECM Suite | -10/Materials | Hacked Robot Schematics ------------------ None Fabricated ------------ Nothing Alien Tech Used ----------------- None Achievements -------------- None Challenges ------------ None Game ------ Seed ResetNeutrinoLauncher Manual? 0 Play Time 00:19:59 Cumulative 2.5 hours Start 2024.04.11 @ 14:46:39 End 2024.04.11 @ 15:04:15 Sessions 1 Manual Loads 0 Difficulty Rogue Special Mode None Game No. 7 Rogue 7 Adventurer 0 Explorer 0 Win Type - Total 0 Types 0/0/0/0/0/0/0/0/0 Lore% 4 Gallery% 5 Achievement% 7 Wizard Run 0 Options --------- Layout 1 ASCII 0 Keyboard 0 Movement Mouse Keybinds 0 Fullscreen 1 Font 24/Terminus Map View 50x35 Zoom Use 0% Tactical HUD 1 Map Filters NONE Filters NONE Steam 1 RUN: ad3b28f7-a3a4-4bee-9fcd-906c9cca208b